 Dungeon Crawl Stone Soup version 0.16-a0-2876-g1f3fc7e (webtiles) character file.

60 Ratboiler the Chopper (level 3, -7/29 HPs)
             Began as a Demonspawn Wanderer on Nov 30, 2014.
             Blown up by Ijyb (14 damage)
             ... with a wand of disintegration
             ... on level 3 of the Dungeon.
             The game lasted 00:04:48 (1966 turns).

Ratboiler the Chopper (Demonspawn Wanderer)         Turns: 1966, Time: 00:04:48

Health: -7/29      AC: 10    Str: 11    XL:     3   Next: 80%
Magic:  3/3        EV:  8    Int: 14    God:
Gold:   38         SH:  0    Dex: 13    Spells: 0 memorised, 2 levels left

rFire  . . .     SeeInvis .     a - +2 hand axe
rCold  . . .     Clarity  .     u - +0 scale mail
rNeg   . . .     SustAb   .     (no shield)
rPois  .         Gourm    +     l - +2 helmet
rElec  .         Spirit   .     (no cloak)
rCorr  .         Warding  .     (no gloves)
rMut   .         Stasis   .     (no boots)
MR     +....                    f - amulet of the gourmand
Stlth  ..........               (no ring)
                                e - ring of protection from magic

@: drained, somewhat resistant to hostile enchantments, extremely unstealthy
A: rugged brown scales 1, demonic guardian 1
a: no special abilities


You were on level 3 of the Dungeon.
You were full.

You visited 1 branch of the dungeon, and saw 3 of its levels.

You collected 38 gold pieces.

Inventory:

Hand weapons
 a - a +2 hand axe (weapon)
 h - a +0 hunting sling
Missiles
 i - 48 stones (quivered)
 m - 14 sling bullets
 q - 17 arrows of flame
Armour
 l - a +2 helmet (worn)
 u - a +0 scale mail (worn)
Jewellery
 e - a ring of protection from magic (left hand)
 f - an amulet of the gourmand (around neck)
Scrolls
 b - 2 scrolls of teleportation
 g - a scroll of fear {unknown}
 v - a scroll of enchant armour {unknown}
 w - a scroll of noise {unknown}
Potions
 c - a potion of haste {unknown}
 k - a potion of resistance {unknown}
 n - 2 potions of magic {unknown}
 o - a potion of lignification {unknown}
 r - 2 potions of cancellation {unknown}
 s - 2 potions of curing {unknown}
Comestibles
 d - 3 bread rations
 j - 7 fruits
 p - a slice of pizza
 t - 3 beef jerkies


   Skills:
 - Level 3.0(2.1) Fighting
 + Level 3.8(3.0) Axes
   Level 1.0(1.7) Maces & Flails
 - Level 1.0(0.2) Throwing
 - Level 1.7(0.9) Armour
   Level 1.0(0.2) Shields


You had 2 spell levels left.
You didn't know any spells.

Dungeon Overview and Level Annotations

Branches:
Dungeon (3/15)

Altars:
Dithmenos
Vehumet

Annotations:
D:3 Ijyb


Innate Abilities, Weirdness & Mutations

You are partially covered in rugged brown scales (AC +1, +3% HP).
A weak demonic guardian rushes to your aid.


Message History

You closely miss Ijyb.
Ijyb is moderately wounded.
Ijyb hits you but does no damage.
Your iron imp barely misses Ijyb.
You hit Ijyb.
Ijyb is heavily wounded.
Ijyb zaps a wand.
You resist with significant effort.
Your iron imp hits Ijyb!
Ijyb drinks a potion.
Ijyb is healed!
You hit Ijyb.
Ijyb is severely wounded.
Your iron imp hits Ijyb but does no damage.
Ijyb hits your iron imp but does no damage.
You strike the helpless Ijyb from a blind spot!
You hit Ijyb.
Ijyb is severely wounded.
Your iron imp misses Ijyb.
Ijyb zaps a wand.
You are blasted!
* * * LOW HITPOINT WARNING * * *
You closely miss Ijyb.
Ijyb is severely wounded.
Your iron imp barely misses Ijyb.
Ijyb zaps a wand.
You are blasted!
You die...

#####...#
#.###
##'####
##.....#
##...§§.#
##....§.§##
#.....§.§.#
+.......§.+
#....@g...#
##>...5..##
##.....##
##...##
##+##


You could see Ijyb and a friendly iron imp.

Vanquished Creatures
  A giant mite (D:2)
  A worm (D:2)
  2 giant geckos (D:1)
  2 ball pythons
  6 bats
  3 giant cockroaches
  5 goblins
  4 hobgoblins
  3 jackals (D:1)
  8 kobolds
  A giant newt (D:2)
  6 rats
42 creatures vanquished.

Vanquished Creatures (others)
  A white imp (D:3)
1 creature vanquished.

Grand Total: 43 creatures vanquished

Notes
Turn   | Place    | Note
--------------------------------------------------------------
     0 | D:1      | Ratboiler, the Demonspawn Wanderer, began the quest for the Orb.
     0 | D:1      | Ratboiler set off with: a +2 hand axe, a scroll of teleportation, a +0 ring mail, a bread ration
     0 | D:1      | Reached XP level 1. HP: 18/18 MP: 1/1
   218 | D:1      | Gained mutation: A weak demonic guardian rushes to your aid. [demonic ancestry]
   218 | D:1      | Reached XP level 2. HP: 24/24 MP: 2/2
   961 | D:1      | Gained mutation: You are partially covered in rugged brown scales (AC +1, +3% HP). [demonic ancestry]
   961 | D:1      | Reached XP level 3. HP: 13/29 MP: 3/3
  1194 | D:2      | Found a radiant altar of Vehumet.
  1699 | D:3      | Found a shadowy altar of Dithmenos.
  1709 | D:3      | Noticed Ijyb
  1966 | D:3      | Blown up by Ijyb

Action                   || total
-------------------------++-------
Melee: Hand axe          ||   114
 Stab: Distracted        ||     1
  Eat: Chunk             ||    11
